AoeStats
← Mogler

Arabia

509928870Analyzed
1v1 RM · 4d ago on Sep 28, 2026· 27m 2s· 2 players
Game mode
Random Map
Map size
Tiny (2 player)
Population
200
Speed
Normal
Resources
Standard
Victory
Conquest
Starting age
Dark Age
Ending age
Imperial Age
RankedLock teamsTeams togetherTeam positionsShared explorationLock speedFull tech treeHidden civsTurbo modeCheats
Victory
Defeat
🇩🇪 Magyars · Germany
1258
+16
🇧🇪 Muisca · Belgium
1255
-16
jasper.vanzeebroeck
5:58 Loom
8:49 Feudal Age
9:48 Champi Runner
21:21 Castle Age
19:42 Double-Bit Axe
19:46 Horse Collar
23:18 Scale Mail Armor
23:48 Sanctity
Mogler
6:18 Loom
9:08 Feudal Age
10:17 Double-Bit Axe
19:45 Castle Age
18:25 Scale Barding Armor
19:04 Bloodlines
19:04 Horse Collar
19:17 Gold Mining
20:28 Husbandry
25:32 Chain Barding Armor
Connection lost

Rejoining the realm…

Still unreachable

The connection could not be restored.

Session expired

The server has moved on; the page needs a fresh start.